 Dungeon Crawl Stone Soup version 0.27.0-1-g7a089689b8 (webtiles) character file.

Game seed: 13275243557372740560

648 Sobieck the Chopper (level 7, -6/60 HPs)
             Began as a Naga Warper on Aug 9, 2021.
             Mangled by a gnoll (11 damage)
             ... on level 5 of the Dungeon.
             The game lasted 00:12:23 (4320 turns).

Sobieck the Chopper (Naga Warper)                   Turns: 4320, Time: 00:12:23

Health: -6/60      AC:  7    Str: 15    XL:     7   Next: 53%
Magic:  10/10      EV:  9    Int: 13    God:
Gold:   79         SH:  0    Dex: 11    Spells: 8/10 levels left

rFire    . . .     SeeInvis +   r - +0 war axe (chaos) {axe}
rCold    . . .     Faith    .   (no shield)
rNeg     . . .     Spirit   .   b - +0 leather armour
rPois    +         Reflect  .   n - +0 hat of Disguise {rPois}
rElec    .         Harm     .   (no cloak)
rCorr    .         Rampage  .   (no gloves)
Will     .....                  (no barding)
Stlth    +.........             (no amulet)
HPRegen  0.20/turn              l - +4 ring of protection
MPRegen  0.12/turn              (no ring)

@: lit by a corona, short of breath, hasted, glowing, quick
A: AC +2, large, see invisible, deformed body, poison resistance, slowness 2,
spit poison 1, naga tail 1
a: Spit Poison


You were on level 5 of the Dungeon.
You visited 1 branch of the dungeon, and saw 5 of its levels.

You collected 170 gold pieces.
You spent 91 gold pieces at shops.


Innate Abilities, Weirdness & Mutations

Your serpentine skin is tough. (AC +2)
You have supernaturally acute eyesight. (SInv)
Armour fits poorly on your strangely shaped body.
Your system is resistant to poisons. (rPois)
You cover ground very slowly.
You can spit poison.
You have a snake-like lower body.


   Skills:
 - Level 2.0 Fighting
 * Level 6.7 Axes
 - Level 0.8 Throwing
 - Level 0.7 Armour
 - Level 1.5 Dodging
 - Level 2.0 Spellcasting
 + Level 5.4 Translocations


You had 8 spell levels left.
You knew the following spells:

 Your Spells              Type           Power      Damage    Failure   Level
a - Blink                 Tloc           N/A        N/A       4%          2

Your spell library contained the following spells:

 Spells                   Type           Power      Damage    Failure   Level
 Gell's Gravitas          Tloc           7%         N/A       10%         3
 Lesser Beckoning         Tloc           7%         N/A       10%         3
 Teleport Other           Tloc           15%        N/A       10%         3
 Slow                     Hex            1%         N/A       43%         2
 Confusing Touch          Hex            1%         N/A       67%         3
 Vampiric Draining        Necr           0%         2d6       67%         3
 Manifold Assault         Tloc           15%        N/A       67%         5

Inventory:

Hand Weapons
 a - a +0 hand axe {axe}
 e - a +1 dagger of freezing {short}
   (You took it off a goblin on level 1 of the Dungeon)
 p - a +1 dagger of holy wrath {short}
   (You took it off a goblin on level 2 of the Dungeon)
 r - a +0 war axe of chaos (weapon) {axe}
   (You bought it in a shop on level 2 of the Dungeon)
Missiles
 d - 5 boomerangs of dispersal {=f!fthrowing}
 f - 14 sling bullets
 g - 65 arrows
 i - 106 stones (quivered) {throwing}
 u - 13 poisoned darts {throwing}
 y - 26 bolts
Armour
 b - a +0 leather armour (worn)
 n - the +0 hat of Disguise (worn) {rPois}
   (You found it on level 4 of the Dungeon)

   rPois:     It protects you from poison.
 o - a +1 helmet
   (You took it off Robin on level 2 of the Dungeon)
 s - a +0 kite shield
   (You found it on level 4 of the Dungeon)
Jewellery
 l - a +4 ring of protection (left hand)
   (You found it on level 2 of the Dungeon)
Wands
 j - a wand of flame (19)
   (You found it on level 4 of the Dungeon)
Scrolls
 c - a scroll of blinking {!r}
 h - a scroll of summoning {unknown}
 k - a scroll of noise {!r}
 m - a scroll of holy word
 x - a scroll of vulnerability {unknown}
Potions
 q - a potion of berserk rage {!q}
 t - a potion of attraction {!q}
 v - 2 potions of cancellation
 z - a potion of lignification {unknown}

Dungeon Overview and Level Annotations

Branches:
Dungeon (5/15)
 Temple: D:4-7

Altars:
The Shining One

Shops:
D:2 =([?

Annotations:
D:3 1 runed translucent door, pigah's ghost, weakling OpWn
D:4 1 runed translucent door, SweetAndFullOfGrace's ghost, weakling HuDe

#.# ##.#
#.# #<#
#.# #.#
#.# #.#
#.#####.#
#.....#.#
#####.#..
#.### #@#
#g# #g#
#g# ...
#.# #.#
#.#


You could see 3 gnolls.


Message History

Unknown command.
z - a murky green potion
i - 105 stones {throwing} (gained 1)
i - 106 stones {throwing} (gained 1) SweetAndFullOfGrace's ghost turns its malevolent gaze towards you.
For a moment, SweetAndFullOfGrace's ghost blends into the shadows.
SweetAndFullOfGrace's ghost whispers something so quietly that you cannot hear it.
SweetAndFullOfGrace's ghost shrieks, "You will join me soon!"
Unknown command.
Could not explore, unopened runed door.
(D) Dungeon
Where to? (Enter - D:4 @ (x,y), ? - help) SweetAndFullOfGrace's ghost says, "I have seen your future, and it is all used up."
There is a stone staircase leading down here.
You climb downwards.
An orc comes into view. It is wielding a +0 short sword.
The orc shouts!
There is a stone staircase leading up here.
Danger!
Press: ? - help, Shift-Dir - straight line, f - orc
Aim: an orc, wielding a +0 short sword and wearing a +0 ring mail The splash of poison hits the orc.
The orc is poisoned.
The orc closely misses you. The orc barely misses you.
You slash the orc!
You kill the orc!
No target in view!
Okay, then.
You have got your breath back.
Things that are here:
a +0 short sword {short}; a +0 ring mail Unknown command.
You pick up a book of Debilitation and begin reading...
You add the spells Slow, Vampiric Draining and Confusing Touch to your library.
Unknown command.
A gnoll shaman comes into view. It is wielding a +0 club.
The gnoll shaman shouts!
You hear a shout! x2
Danger!
A gnoll comes into view. It is wielding a +0 club.
You barely miss the gnoll shaman. The gnoll shaman barely misses you.
You hit the gnoll shaman.
The gnoll shaman calls upon its god to speed up the gnoll.
The gnoll seems to speed up.
A gnoll comes into view. It is wielding a +0 whip.
The gnoll shaman hits you but does no damage.
The gnoll shouts!
You barely miss the gnoll shaman.
The gnoll shaman hits you with a +0 club.
You hit the gnoll shaman. You freeze the gnoll shaman.
The gnoll shaman hits you with a +0 club.
You slash the gnoll shaman! You burn the gnoll shaman.
The gnoll shaman hits you with a +0 club.
A jelly comes into view.
Unknown command.
You barely miss the gnoll shaman.
The gnoll shaman invokes the aid of its god against you.
You are outlined in light.
You slash the gnoll shaman! You freeze the gnoll shaman.
You kill the gnoll shaman!
A gnoll comes into view. It is wielding a +0 halberd of flaming.
You barely miss the gnoll. The gnoll hits you with a +0 club. x2
A gnoll comes into view. It is wielding a +0 spear.
You hit the gnoll but do no damage.
The gnoll blinks!
You hit the gnoll. Lightning courses through the gnoll!!
You kill the gnoll!
You slash the jelly!
The jelly flickers and vanishes for a moment.
Your hands burn!
The jelly hits you but does no damage.
The gnoll hits you from afar with a +0 halberd of flaming!
The gnoll burns you.
Unknown command.
You hit the jelly.
Space bends around the jelly.
You kill the jelly!
The gnoll hits you from afar with a +0 halberd of flaming.
* * * LOW HITPOINT WARNING * * *
The gnoll burns you.
* * * LOW HITPOINT WARNING * * *
Unknown command.
Press: ? - help, Shift-Dir - straight line, f - gnoll
Aim: a gnoll, wielding a +0 halberd of flaming The splash of poison hits the gnoll.
The gnoll is poisoned.
The gnoll hits you from afar with a +0 halberd of flaming.
* * * LOW HITPOINT WARNING * * *
The gnoll burns you.
* * * LOW HITPOINT WARNING * * *
Unknown command.
The gnoll hits you with a +0 halberd of flaming.
* * * LOW HITPOINT WARNING * * *
The gnoll burns you.
* * * LOW HITPOINT WARNING * * *
The gnoll completely misses you.
Items here: )) [ †.
You hit the gnoll. You burn the gnoll.
The gnoll hits you with a +0 halberd of flaming!
* * * LOW HITPOINT WARNING * * *
The gnoll burns you.
* * * LOW HITPOINT WARNING * * *
The gnoll barely misses you.
You feel yourself speed up.
The gnoll hits you with a +0 halberd of flaming!
You die...

Skill      XL: |  1  2  3  4  5  6 |
---------------+-------------------+-----
Axes           | 3 4 5 6 |  6.7
Translocations | 4 5 |  5.4
Fighting       | |  2.0
Throwing       | |  0.8
Armour         | |  0.7
Dodging        | |  1.5
Spellcasting   | |  2.0

Action                   |  1- 3 |  4- 6 |  7- 9 || total
-------------------------+-------+-------+-------++-------
Melee: Hand axe          |    44 |    32 |       ||    76
       War axe           |       |    64 |    35 ||    99
Throw: Boomerang         |    34 |    22 |       ||    56
       Stone             |       |    16 |     9 ||    25
 Cast: Blink             |     4 |     4 |       ||     8
 Abil: Spit Poison       |    27 |    23 |     5 ||    55
  Use: Scroll            |       |     8 |     1 ||     9
       Potion            |       |       |     1 ||     1
 Stab: Distracted        |       |     1 |       ||     1
Armor: Leather armour    |    26 |    74 |     6 ||   106
Dodge: Dodged            |    29 |    56 |    11 ||    96

Levels and vault maps discovered:
D:1:      mushboom_english_gardens, layout_basic
D:2:      layout_basic, hellmonk_ecumenical_altar_lost_god, serial_shops,
          nicolae_shop_statue_plus, nicolae_square_shop, shop_statue, shop,
          uniq_jessica, uniq_robin
D:3:      layout_loops_corners, ebering_ghost_reflecting_pool,
          minmay_ogre_servants
D:4:      layout_loops_ring, nicolae_tso_carved_into_rock, serial_rivers,
          chequers_serial_rivers_large_a, chequers_serial_rivers_room_a,
          chequers_serial_rivers_micro_c, chequers_serial_rivers_marsh,
          ebering_ghost_inner_flame, uniq_natasha
D:5:      layout_loops_ring, mainiacjoe_overflow_alcove_1,
          lightli_corner_chamber

Notes
Turn   | Place    | Note
-------+----------+-------------------------------------------
     0 | D:1      | Sobieck the Naga Warper began the quest for the Orb.
     0 | D:1      | Reached XP level 1. HP: 19/19 MP: 3/3
   172 | D:1      | Reached XP level 2. HP: 23/26 MP: 5/5
   593 | D:1      | Reached skill level 3 in Axes
   638 | D:1      | Learned a level 2 spell: Blink
   706 | D:1      | Reached XP level 3. HP: 32/32 MP: 6/6
   799 | D:2      | Found Wueg's Jewellery Emporium.
   860 | D:2      | Found Jupomo's Antique Weapon Emporium.
   922 | D:2      | HP: 8/32 [worm (5)]
   923 | D:2      | HP: 3/32 [worm (5)]
   924 | D:2      | HP: 1/32 [adder (2)]
   934 | D:2      | Reached XP level 4. HP: 2/39 MP: 3/7
  1255 | D:2      | Noticed Jessica
  1262 | D:2      | Killed Jessica
  1416 | D:2      | Reached skill level 4 in Axes
  1435 | D:2      | Found Yrphyfist's Magic Scroll Boutique.
  1492 | D:2      | Reached skill level 4 in Translocations
  1492 | D:2      | Noticed Robin
  1494 | D:2      | Reached XP level 5. HP: 44/45 MP: 8/8
  1499 | D:2      | Killed Robin
  1571 | D:2      | Found a faded altar of an unknown god.
  1771 | D:2      | Found Uklydd's Armour Shop.
  1951 | D:2      | Bought a war axe for 91 gold pieces
  1966 | D:3      | Noticed an ogre
  2020 | D:2      | Killed an ogre
  2021 | D:2      | Reached skill level 5 in Axes
  2021 | D:2      | Reached XP level 6. HP: 24/52 MP: 1/9
  2809 | D:3      | Found a runed translucent door.
  2810 | D:3      | Noticed pigah's ghost (weakling OpWn)
  3245 | D:4      | Found a glowing golden altar of the Shining One.
  3403 | D:4      | Identified the +0 hat of Disguise {rPois}
  3473 | D:4      | Noticed Natasha
  3476 | D:4      | Killed Natasha
  3477 | D:4      | Reached skill level 6 in Axes
  3477 | D:4      | Reached skill level 5 in Translocations
  3477 | D:4      | Reached XP level 7. HP: 60/60 MP: 10/10
  3836 | D:4      | Found a runed translucent door.
  3836 | D:4      | Noticed SweetAndFullOfGrace's ghost (weakling HuDe)
  4017 | D:4      | Noticed Natasha
  4023 | D:4      | Killed Natasha
  4037 | D:4      | You pick up a book of Displacement and begin reading...
  4214 | D:4      | Noticed Natasha
  4225 | D:4      | Killed Natasha
  4279 | D:5      | Entered Level 5 of the Dungeon
  4300 | D:5      | You pick up a book of Debilitation and begin reading...
  4300 | D:5      | You add the spells Slow, Vampiric Draining and Confusing
                  | Touch to your library.
  4318 | D:5      | HP: 15/60 [gnoll (2)]
  4319 | D:5      | HP: 5/60 [gnoll (3)]
  4320 | D:5      | Mangled by a gnoll

Vanquished Creatures
  An ogre (D:2)
  A centaur (D:4)
  A howler monkey (D:4)
  A gnoll shaman (D:5)
  A jelly (D:5)
  3 centaur skeletons (D:4)
  Jessica (D:2)
  An iguana (D:4)
  Natasha (thrice) (D:4)
  A hound skeleton (D:4)
  Robin (D:2)
  A gnoll (D:5)
  5 adders
  An ufetubus (D:4)
  2 worms (D:2)
  6 dart slugs
  An orc (D:5)
  7 ball pythons
  7 bats
  7 endoplasms
  2 giant cockroaches (D:1)
  27 goblins
  2 hobgoblins
  4 kobolds
  4 quokkas
  3 frilled lizards
  3 rats
97 creatures vanquished.

Table legend:
 A = Non-vault XP
 B = Vault XP
 C = Vault XP percentage of total XP
 D = Non-vault monster count
 E = Vault monster count
 F = Vault count percentage of total count
                 A         B        C        D         E       F
            +---------+---------+-------+---------+---------+-------
      Total |     695 |     232 |  25.0 |      75 |      22 |  22.7
            +---------+---------+-------+---------+---------+-------
        D:1 |      39 |       0 |   0.0 |      20 |       0 |   0.0
        D:2 |      83 |     195 |  70.1 |      24 |      20 |  45.5
        D:3 |      19 |       2 |   9.5 |      11 |       1 |   8.3
        D:4 |     455 |      35 |   7.1 |      16 |       1 |   5.9
        D:5 |      99 |       0 |   0.0 |       4 |       0 |   0.0
            +---------+---------+-------+---------+---------+-------

Illustrated notes

Table legend:
 A = Kills in this place as a percentage of kills in entire the game.
 B = Kills by you in this place as a percentage of kills by you in the entire game.
 C = Kills by friends in this place as a percentage of kills by friends in the entire game.
 D = Other kills in this place as a percentage of other kills in the entire game.
 E = Experience gained in this place as a percentage of experience gained in the entire game.
 F = Experience gained in this place divided by the number of levels of this place that you have seen.
                   A       B       C       D       E      F
               +-------+-------+-------+-------+-------+----------------------
         Total | 100.0 | 100.0 |   N/A |   N/A | 100.0 | 185.4
       Dungeon | 100.0 | 100.0 |   N/A |   N/A | 100.0 | 185.4
               +-------+-------+-------+-------+-------+----------------------

Table legend: (Time is in decaauts)
 A = Elapsed time spent in this place.
 B = Non-inter-level travel time spent in this place.
 C = Inter-level travel time spent in this place.
 D = Time resting spent in this place.
 E = Time spent auto-exploring this place.
 F = Levels seen in this place.
 G = Mean time per level.
                   A        B        C        D        E       F      G
               +--------+--------+--------+--------+--------+-----+--------+
         Total |   5435 |   5260 |    175 |   1014 |   3435 |   5 | 1087.0 |
       Dungeon |   5435 |   5260 |    175 |   1014 |   3435 |   5 | 1087.0 |
               +--------+--------+--------+--------+--------+-----+--------+

Top non-repeatable levels by time:
     D:2: 1650 daAuts
     D:4: 1559 daAuts
     D:3: 1251 daAuts
     D:1: 920 daAuts
     D:5: 52 daAuts
